 Dungeon Crawl Stone Soup version 0.31-a0-840-g6d2ecbb638 (webtiles) character file.

Game seed: 14894841046130311754

413 Nedwor the Cutter (level 6, 48/48 HPs)
             Began as a Demonspawn Gladiator on Sept 27, 2023.
             Quit the game on level 3 of the Dungeon.
             The game lasted 00:04:32 (2800 turns).

Nedwor the Cutter (Demonspawn Gladiator)            Turns: 2800, Time: 00:04:33

Health: 48/48      AC:  8    Str: 16    XL:     6   Next: 59%
Magic:  6/6        EV: 14    Int: 10    God:
Gold:   167        SH:  0    Dex: 20    Spells: 5/5 levels left

rFire   . . .        a - +0 rapier
rCold   . . .        (no shield)
rNeg    . . .        b - +0 leather armour
rPois   .            c - +0 helmet
rElec   .            g - +2 cloak
rCorr   .            k - +0 pair of gloves
SInv    .            (no boots)
Will    .....        (no amulet)
Stlth   +            h - +6 ring of dexterity
HPRegen 0.28/turn    (no ring)
MPRegen 0.10/turn

%: no passive effects
@: no status effects
A: hooves 1, powered by pain 1, spiny 1
a: no special abilities


You were on level 3 of the Dungeon.
You visited 1 branch of the dungeon, and saw 4 of its levels.
You also visited: Sewer.

You collected 167 gold pieces.

Inventory:

Hand Weapons
 a - a +0 rapier (weapon)
Missiles
 d - 3 throwing nets (quivered)
 e - a javelin
Armour
 b - a +0 leather armour (worn)
 c - a +0 helmet (worn)
 g - a +2 cloak (worn)
 k - a +0 pair of gloves (worn)
Jewellery
 h - a +6 ring of dexterity (left hand)
 i - an amulet of faith
 l - an amulet of reflection
 o - a ring of flight
 B - a ring of positive energy
Scrolls
 q - a scroll of acquirement {unknown}
 s - a scroll of blinking {unknown}
 t - a scroll of noise {unknown}
 u - a scroll of fog {unknown}
 w - a scroll of enchant armour {unknown}
 y - a scroll of enchant weapon {unknown}
 z - a scroll of identify {unknown}
 A - a scroll of amnesia {unknown}
 D - a scroll of teleportation {unknown}
 E - a scroll of fear {unknown}
Potions
 f - 2 potions of curing {unknown}
 j - 3 potions of lignification {unknown}
 m - a potion of magic {unknown}
 n - 2 potions of mutation {unknown}
 p - a potion of berserk rage {unknown}
 r - 3 potions of brilliance {unknown}
 v - a potion of invisibility {unknown}
 x - a potion of heal wounds {unknown}
 C - a potion of might {unknown}


   Skills:
 + Level 3.9 Fighting
 * Level 5.1 Short Blades
 - Level 1.7 Throwing
 + Level 4.1 Dodging


You had 5 spell levels left.
You didn't know any spells.
Your spell library was empty.

Dungeon Overview and Level Annotations

Branches:
Dungeon (4/15)              Sewer (visited)
 Temple: D:4-7

Altars:
Ashenzari
Dithmenos
Makhleb
Okawaru
Qazlal

Shops:
D:3 (


Innate Abilities, Weirdness & Mutations

You have large cloven feet.
You sometimes gain a little power by taking damage.
You are partially covered in sharp spines.


Message History

You hear an angry hiss.
The orc is struck by your spines. The orc misses you.
An orc comes into view. It is wielding a +0 club.
The orc priest calls upon Beogh to heal the orc.
The orc's wounds heal themselves!
The orc shouts!
The orc closely misses you.
The teleport trap disappears.
The orc priest disappears!
The orc misses you.
There is a stone staircase leading up here.
The orc closely misses you.
You climb upwards.
Found a stormy altar of Qazlal and a broken altar of Ashenzari.
There is a stone staircase leading down here.
You are too injured to fight recklessly!
You are too injured to fight recklessly!
You barely miss the orc. Your kick misses the orc.
The orc completely misses you. The orc hits you with a +0 flail.
You puncture the orc!
You kill the orc!
The orc is struck by your spines. The orc barely misses you.
The orc misses you.
Things that are here:
a +0 flail; an orc corpse You hit the orc but do no damage.
The orc is heavily wounded.
The orc completely misses you.
You barely miss the orc. Your kick misses the orc.
The orc is heavily wounded.
The orc is struck by your spines.
You kill the orc!
Things that are here:
a +0 mace; a +0 chain mail; an orc corpse HP restored.
Done exploring.
Done exploring.
Done exploring.
Done exploring.
Done exploring.
Are you sure you want to abandon this character and quit the game? (Confirm with "yes".)

........#.....#########.###.#.##
####...##.##.#####>####.......###
# ##..###.##..##8.))8######......
# #...# #.######.....########.###
# #...# #.#####8.....8#....##.#
###...###.....##.....#####.##.#
..........######8...8#####.##.#
..........## ##.....##.......#
...........## #_@...._####.##.###
###.....#...# ##.....## #.##....
#.....#~~~# #8...8# #.######
#.....#~~~# ###_### #.#
###...#~~~### ##### #.#
#.#.#~~~#.# ##.## ###.#
#.#.#~.~#.# #.# #...# ###
#.#.#~~~#.# #.# #.######).
#.#.#~~~#.# #.# #.#...##.#


There were no monsters in sight!

Vanquished Creatures
  2 bullfrogs (Sewer)
  A hound (D:3)
  A jelly (D:4)
  Natasha (D:2)
  A sleepcap (D:4)
  4 adders
  4 river rats (Sewer)
  3 dart slugs
  2 orcs (D:3)
  20 ball pythons
  7 endoplasms
  4 giant cockroaches (D:3)
  5 goblins
  6 hobgoblins
  2 jackals (D:2)
  6 quokkas
  6 bats
  7 frilled lizards
  6 kobolds
  19 rats
107 creatures vanquished.

Notes
Turn   | Place    | Note
-------+----------+-------------------------------------------
     0 | D:1      | Nedwor the Demonspawn Gladiator began the quest for the
                  | Orb.
     0 | D:1      | Reached XP level 1. HP: 16/16 MP: 1/1
   158 | D:1      | Reached skill level 3 in Short Blades
   158 | D:1      | Gained mutation: You are partially covered in sharp spines.
                  | [demonic ancestry]
   158 | D:1      | Reached XP level 2. HP: 19/22 MP: 2/2
   578 | D:1      | Found a faded altar of an unknown god.
   584 | D:1      | Reached XP level 3. HP: 24/28 MP: 3/3
   986 | D:2      | Found a shadowy altar of Dithmenos.
  1319 | D:2      | Noticed Natasha
  1329 | D:2      | Killed Natasha
  1330 | D:2      | Gained mutation: You have large cloven feet. [demonic
                  | ancestry]
  1330 | D:2      | Reached XP level 4. HP: 18/34 MP: 4/4
  1655 | D:3      | Found a glowing drain.
  1677 | Sewer    | Entered a sewer
  1739 | Sewer    | Reached skill level 4 in Short Blades
  1873 | Sewer    | Gained mutation: You sometimes gain a little power by
                  | taking damage. [demonic ancestry]
  1873 | Sewer    | Reached XP level 5. HP: 41/41 MP: 5/5
  1984 | Sewer    | Reached XP level 6. HP: 27/47 MP: 6/6
  2298 | D:3      | Found Ximaq's Weapon Shop.
  2523 | D:3      | Found a burning altar of Makhleb.
  2558 | D:3      | Found an iron altar of Okawaru.
  2612 | D:4      | Reached skill level 5 in Short Blades
  2689 | D:3      | Found a stormy altar of Qazlal.
  2689 | D:3      | Found a broken altar of Ashenzari.
  2800 | D:3      | Quit the game

Illustrated notes

Levels and vault maps discovered:
D:1:      ebering_hopf_link, layout_loops_ring,
          shapermc_ecumenical_altar_totnotflames
D:2:      layout_basic, basic_altar, uniq_natasha
D:3:      layout_loops_ring, hellmonk_okawaru_the_only_friend_you_need,
          nicolae_overflow_hidden_temple, serial_shops, shop,
          portal_sewer_entry_f
D:4:      layout_cave_pools

Skill      XL: |  1  2  3  4  5  6 |
---------------+-------------------+-----
Short Blades   | 3 4 5 |  5.1
Dodging        | 3 4 |  4.1
Fighting       | 3 |  3.9
Throwing       | |  1.7

Action                     |  1- 3 |  4- 6 || total
---------------------------+-------+-------++-------
  Melee: Rapier            |    76 |   125 ||   201
         Punch             |     2 |       ||     2
         Kick              |       |    25 ||    25
    Use: Scroll            |       |     1 ||     1
   Stab: Sleeping          |     1 |     2 ||     3
 Armour: Leather armour    |    39 |    64 ||   103
  Dodge: Dodged            |    42 |    78 ||   120

Table legend: (Time is in decaauts)
 A = Elapsed time spent in this place.
 B = Non-inter-level travel time spent in this place.
 C = Inter-level travel time spent in this place.
 D = Time resting spent in this place.
 E = Time spent auto-exploring this place.
 F = Levels seen in this place.
 G = Mean time per level.
                   A        B        C        D        E       F      G
               +--------+--------+--------+--------+--------+-----+--------+
         Total |   2839 |   2721 |    118 |      0 |   2155 |   5 |  567.8 |
       Dungeon |   2406 |   2288 |    118 |      0 |   1851 |   4 |  601.5 |
         Sewer |    432 |    432 |      0 |      0 |    304 |   1 |  432.0 |
               +--------+--------+--------+--------+--------+-----+--------+

Top non-repeatable levels by time:
     D:1: 937 daAuts
     D:2: 700 daAuts
     D:3: 688 daAuts
   Sewer: 432 daAuts
     D:4: 80 daAuts
